 Dungeon Crawl Stone Soup version 0.21.0-3-g78d12a8 (webtiles) character file.

422 Dfrag the Conjurer (level 6, -3/44 HPs)
             Began as a Gnoll Conjurer on Jan 8, 2018.
             Slain by an orc priest
             ... wielding a +0 mace
              (6 damage)
             ... on level 5 of the Dungeon.
             The game lasted 00:03:58 (3094 turns).

Dfrag the Conjurer (Gnoll Conjurer)                 Turns: 3094, Time: 00:03:59

Health: -3/44      AC:  2    Str: 10    XL:     6   Next: 95%
Magic:  1/14       EV: 15    Int: 19    God:
Gold:   243        SH:  0    Dex: 16    Spells: 12/15 levels left

rFire    + . .     SeeInvis .   f - +0 dagger (venom)
rCold    . . .     Gourm    .   (no shield)
rNeg     . . .     Faith    .   g - -2 robe (curse)
rPois    .         Spirit   .   v - +0 helmet
rElec    .         Reflect  .   (no cloak)
rCorr    .         Harm     .   p - +0 pair of gloves
MR       .....                  (no boots)
Stlth    +++.......             (no amulet)
HPRegen  0.14/turn              j - ring of protection from fire
MPRegen  0.14/turn              (no ring)

@: no status effects
A: distributed training, fangs 1, strong nose
a: no special abilities


You were on level 5 of the Dungeon.
You were not hungry.

You visited 1 branch of the dungeon, and saw 5 of its levels.

You collected 243 gold pieces.

Inventory:

Hand Weapons
 f - a +0 dagger of venom (weapon)
Armour
 a - a +0 robe
 g - a cursed -2 robe (worn)
 p - a +0 pair of gloves (worn)
 v - a +0 helmet (worn)
Jewellery
 j - a ring of protection from fire (left hand)
Wands
 q - a wand of iceblast (6)
Scrolls
 d - 7 scrolls of teleportation {unknown}
 h - a scroll of amnesia {unknown}
 i - a scroll of fog {unknown}
 l - 4 scrolls of identify {unknown}
 m - a scroll of magic mapping {unknown}
 n - 3 scrolls of enchant armour {unknown}
 t - a scroll of remove curse {unknown}
Potions
 e - 2 potions of haste {unknown}
 k - a potion of magic {unknown}
 o - a potion of curing {unknown}
 r - a potion of cancellation {unknown}
 s - a potion of brilliance {unknown}
 w - a potion of lignification {unknown}
 x - 2 potions of heal wounds {unknown}
 z - a potion of agility
Books
 b - a book of Conjurations

   Spells                             Type                      Level
   a - Magic Dart                     Conjuration                  1
   b - Searing Ray                    Conjuration                  2
   c - Dazzling Spray                 Conjuration/Hexes            3
   d - Fulminant Prism                Conjuration/Hexes            4
   e - Force Lance                    Conjuration/Translocation    4
   f - Iskenderun's Mystic Blast      Conjuration                  4
Comestibles
 c - 8 rations


   Skills:
 + Level 2.1 Fighting
 + Level 2.1 Short Blades
 + Level 2.1 Long Blades
 + Level 2.1 Axes
 + Level 2.1 Maces & Flails
 + Level 2.1 Polearms
 + Level 2.1 Staves
 + Level 2.1 Slings
 + Level 2.1 Bows
 + Level 2.1 Crossbows
 + Level 2.1 Throwing
 + Level 2.1 Armour
 + Level 5.0 Dodging
 + Level 4.7 Stealth
 + Level 2.1 Shields
 + Level 2.1 Unarmed Combat
 + Level 5.4 Spellcasting
 + Level 7.3 Conjurations
 + Level 1.7 Hexes
 + Level 1.7 Charms
 + Level 1.7 Summonings
 + Level 1.7 Necromancy
 + Level 1.7 Translocations
 + Level 1.7 Transmutations
 + Level 1.7 Fire Magic
 + Level 1.7 Ice Magic
 + Level 1.7 Air Magic
 + Level 1.7 Earth Magic
 + Level 1.7 Poison Magic
 + Level 2.3 Invocations
 + Level 2.1 Evocations


You had 12 spell levels left.
You knew the following spells:

 Your Spells              Type           Power        Failure   Level  Hunger
a - Magic Dart            Conj           ####         1%          1    None
b - Searing Ray           Conj           ####..       1%          2    None


Dungeon Overview and Level Annotations

Branches:
Dungeon (5/15)
 Temple: D:4-7

Altars:


Innate Abilities, Weirdness & Mutations

Your experience applies equally to all skills.
You have very sharp teeth.
Your uncanny sense of smell can sniff out nearby items.


Message History

The orc priest miscasts a cantrip.
All of the chunks of flesh in your inventory have rotted away.
Casting: Searing Ray
Confirm with . or Enter, or press ? or * to list all spells.
Aiming: Searing Ray
Press: ? - help, Shift-Dir - straight line, f - orc priest
Aim: an orc priest, wielding a mace and wearing a chain mail (heavily wounded)
The searing ray hits the orc priest.
The orc priest is heavily wounded. (Press . to maintain the ray.)
The orc priest invokes the aid of Beogh against you.
Pain shoots through your body!
* * * LOW HITPOINT WARNING * * *
The searing ray hits the orc priest.
The orc priest is heavily wounded.
The orc priest completely misses you.
The searing ray hits the orc priest.
The orc priest is heavily wounded.
The orc priest hits you with a mace.
You die...

## #.. .. #.# #.
##.## #. ... ##. #.#
>##.
...#####.##.##.##
.....)o@........#
...#####....###<###
#.####.....#
#######.####.....##
.....................
#######.####.....####
#.# #.....# #.#
###.### #.# #...


You could see an orc priest.

Vanquished Creatures
  A black bear (D:4)
  A howler monkey (D:4)
  3 orc wizards
  Terence (D:2)
  An iguana (D:5)
  A worker ant (D:4)
  A howler monkey skeleton (D:4)
  4 adders
  A worm (D:4)
  2 leopard geckos
  13 orcs
  7 bats
  8 giant cockroaches
  4 goblins
  6 hobgoblins
  3 jackals (D:1)
  2 quokkas
  5 frilled lizards
  3 kobolds
  A quokka skeleton (D:4)
  7 rats
75 creatures vanquished.

Vanquished Creatures (others)
  An orc wizard (D:4)
1 creature vanquished.

Grand Total: 76 creatures vanquished

Notes
Turn   | Place    | Note
-------+----------+-------------------------------------------
     0 | D:1      | Dfrag the Gnoll Conjurer began the quest for the Orb.
     0 | D:1      | Reached XP level 1. HP: 13/13 MP: 6/6
   188 | D:1      | Reached XP level 2. HP: 19/19 MP: 2/7
   830 | D:2      | Reached XP level 3. HP: 25/25 MP: 6/9
   834 | D:2      | Reached skill level 5 in Spellcasting
  1046 | D:2      | Reached skill level 1 in Invocations
  1129 | D:2      | Noticed Terence
  1141 | D:2      | Killed Terence
  1141 | D:2      | Reached skill level 1 in Fighting
  1141 | D:2      | Reached skill level 1 in Short Blades
  1141 | D:2      | Reached skill level 1 in Long Blades
  1141 | D:2      | Reached skill level 1 in Axes
  1141 | D:2      | Reached skill level 1 in Maces & Flails
  1141 | D:2      | Reached skill level 1 in Polearms
  1141 | D:2      | Reached skill level 1 in Staves
  1141 | D:2      | Reached skill level 1 in Slings
  1141 | D:2      | Reached skill level 1 in Bows
  1141 | D:2      | Reached skill level 1 in Crossbows
  1141 | D:2      | Reached skill level 1 in Throwing
  1141 | D:2      | Reached skill level 1 in Armour
  1141 | D:2      | Reached skill level 1 in Shields
  1141 | D:2      | Reached skill level 1 in Unarmed Combat
  1141 | D:2      | Reached skill level 1 in Evocations
  1141 | D:2      | Reached XP level 4. HP: 14/32 MP: 11/11
  1203 | D:2      | Learned a level 2 spell: Searing Ray
  1597 | D:3      | Reached skill level 1 in Hexes
  1597 | D:3      | Reached skill level 1 in Charms
  1597 | D:3      | Reached skill level 1 in Summonings
  1597 | D:3      | Reached skill level 1 in Necromancy
  1597 | D:3      | Reached skill level 1 in Translocations
  1597 | D:3      | Reached skill level 1 in Transmutations
  1597 | D:3      | Reached skill level 1 in Fire Magic
  1597 | D:3      | Reached skill level 1 in Ice Magic
  1597 | D:3      | Reached skill level 1 in Air Magic
  1597 | D:3      | Reached skill level 1 in Earth Magic
  1597 | D:3      | Reached skill level 1 in Poison Magic
  1750 | D:3      | Reached XP level 5. HP: 33/37 MP: 5/12
  2096 | D:4      | Noticed a black bear
  2109 | D:4      | HP: 1/37 [black bear (4)]
  2110 | D:4      | Killed a black bear
  2110 | D:4      | Reached XP level 6. HP: 1/44 MP: 3/13
  2794 | D:4      | Reached skill level 5 in Dodging
  3068 | D:5      | Entered Level 5 of the Dungeon
  3092 | D:5      | HP: 2/44 [orc priest/nerve-wracking pain (1)]
  3094 | D:5      | Slain by an orc priest

Skill      XL: |  1  2  3  4  5  6 |
---------------+-------------------+-----
Spellcasting   | 5 |  5.4
Invocations    | 1 2 |  2.3
Fighting       | 1 2 |  2.1
Short Blades   | 1 2 |  2.1
Long Blades    | 1 2 |  2.1
Axes           | 1 2 |  2.1
Maces & Flails | 1 2 |  2.1
Polearms       | 1 2 |  2.1
Staves         | 1 2 |  2.1
Slings         | 1 2 |  2.1
Bows           | 1 2 |  2.1
Crossbows      | 1 2 |  2.1
Throwing       | 1 2 |  2.1
Armour         | 1 2 |  2.1
Shields        | 1 2 |  2.1
Unarmed Combat | 1 2 |  2.1
Evocations     | 1 2 |  2.1
Hexes          | 1 |  1.7
Charms         | 1 |  1.7
Summonings     | 1 |  1.7
Necromancy     | 1 |  1.7
Translocations | 1 |  1.7
Transmutations | 1 |  1.7
Fire Magic     | 1 |  1.7
Ice Magic      | 1 |  1.7
Air Magic      | 1 |  1.7
Earth Magic    | 1 |  1.7
Poison Magic   | 1 |  1.7
Dodging        | 5 |  5.0
Stealth        | |  4.7
Conjurations   | |  7.3

Action                   |  1- 3 |  4- 6 || total
-------------------------+-------+-------++-------
Melee: Unarmed           |    12 |       ||    12
       Bite              |     4 |     5 ||     9
       Dagger            |    17 |    52 ||    69
       Punch             |       |     1 ||     1
 Cast: Magic Dart        |    35 |    45 ||    80
       Searing Ray       |       |     9 ||     9
 Stab: Sleeping          |     3 |     7 ||    10
  Eat: Chunk             |       |     7 ||     7
Armor: Robe              |     5 |     4 ||     9
Dodge: Dodged            |    22 |    47 ||    69
